 Dungeon Crawl Stone Soup version 0.22.1-2-g9c5b331 (webtiles) character file.

14522 whitewolfNL the Spear-Bearer (level 11, -11/92 HPs)
             Began as a Minotaur Berserker on Nov 28, 2018.
             Was a High Priest of Trog.
             Killed by divine providence
             ... invoked by a smoke demon
             ... summoned by an orc high priest
              (16 damage)
             ... on level 2 of the Orcish Mines.
             The game lasted 01:24:59 (12694 turns).

whitewolfNL the Spear-Bearer (Minotaur Berserker)  Turns: 12694, Time: 01:24:59

Health: -11/92     AC: 19    Str: 21    XL:     11   Next: 89%
Magic:  11/11      EV: 16    Int:  8    God:    Trog [*****.]
Gold:   636        SH:  0    Dex: 18    Spells: 10/10 levels left

rFire    x . .     SeeInvis .   k - +2 dire flail (elec)
rCold    + + .     Gourm    .   (shield currently unavailable)
rNeg     . . .     Faith    .   j - +0 plate armour
rPois    +         Spirit   .   R - +1 hat {Int+3}
rElec    .         Reflect  .   g - scarf {repulsion}
rCorr    .         Harm     .   h - +0 pair of gloves
MR       +....                  v - +0 pair of boots "Yfapyrch" {rPois rF- rC++ MR+}
Stlth    ..........             (no amulet)
HPRegen  0.25/turn              (no ring)
MPRegen  0.12/turn              I - ring of poison resistance

@: agile, berserk cooldown, slowed, repel missiles, very slow
A: retaliatory headbutt, horns 2, low mp 1
a: Berserk, Trog's Hand, Brothers in Arms, Renounce Religion


You were on level 2 of the Orcish Mines.
You worshipped Trog.
Trog was extremely pleased with you.
You were very hungry.

You visited 2 branches of the dungeon, and saw 11 of its levels.

You collected 1471 gold pieces.
You spent 835 gold pieces at shops.

Inventory:

Hand Weapons
 a - a +2 dagger of flaming
 f - the +3 scythe of Exoneration {slice, *Contam rN+ Str+2 Stlth+}
   (You found it on level 5 of the Dungeon)

   It inflicts extra damage upon your enemies.
   It affects your strength (+2).
   It protects you from negative energy.
   It causes magical contamination when unequipped.
   It makes you more stealthy.
 k - a +2 dire flail of electrocution (weapon)
 n - a +0 dire flail of protection
 B - a +0 hunting sling
 O - a +3 hand crossbow of freezing
Missiles
 e - 199 stones
 l - 259 arrows
 q - 3 poisoned javelins
 r - 23 bolts
 y - 57 sling bullets
 P - a throwing net (quivered)
Armour
 d - a +2 pair of boots of running
 g - a scarf of repulsion (worn)
 h - a +0 pair of gloves (worn)
 j - a +0 plate armour (worn)
 v - the +0 pair of boots "Yfapyrch" (worn) {rPois rF- rC++ MR+}
   (You found it on level 7 of the Dungeon)

   It makes you vulnerable to fire.
   It greatly protects you from cold.
   It protects you from poison.
   It affects your resistance to hostile enchantments.
 L - a +0 plate armour
 R - a +1 hat of intelligence (worn)
Jewellery
 A - an uncursed ring of ice
 I - a ring of poison resistance (right hand)
 N - the ring "Vegic" {*Tele rN++ Dex+8 Stlth-}
   (You took it off a gnoll on level 9 of the Dungeon)

   [ring of teleportation]

   It may teleport you next to monsters.
   It affects your dexterity (+8).
   It greatly protects you from negative energy.
   It makes you less stealthy.
Wands
 b - a wand of acid (4)
 w - a wand of flame (9)
 E - a wand of polymorph (11)
 M - a wand of enslavement (8)
Scrolls
 o - 4 scrolls of remove curse
 z - a scroll of enchant armour
Potions
 p - 2 potions of ambrosia
 t - a potion of cancellation
 x - a potion of invisibility
 F - a potion of flight
 G - a potion of resistance {unknown}
Comestibles
 c - 14 rations
 i - 9 chunks of flesh


   Skills:
 + Level 7.4 Fighting
 * Level 7.5 Maces & Flails
 - Level 13.6 Polearms
 - Level 0.2 Throwing
 * Level 11.4 Armour
 * Level 7.6 Dodging
 - Level 4.0 Stealth
 * Level 4.2 Evocations


You had 10 spell levels left.
You didn't know any spells.
Your spell library was empty.

Dungeon Overview and Level Annotations

Branches:
Dungeon (9/15)             Temple (0/1) D:7             Orc (2/2) D:9
    Elf (0/3) Orc:2
   Lair: D:8-11

Altars:
Ashenzari
Cheibriados
Elyvilon
Gozag
Hepliaklqana
Okawaru
Sif Muna
Trog
Wu Jian
Yredelemnul
Zin

Shops:
D:6 *   D:9 [   Orc:1 :


Innate Abilities, Weirdness & Mutations

You reflexively headbutt those who attack you in melee.
You have a pair of horns on your head.
Your magical capacity is low. (-10% MP)


Message History

* * * LOW HITPOINT WARNING * * *
The orc priest closely misses you. The sixfirhy barely misses you.
The sixfirhy misses you. The sixfirhy barely misses you.
The sixfirhy completely misses you. You furiously retaliate!
You headbutt the sixfirhy.
The sixfirhy hits you but does no damage.
The orc priest casts a cantrip, but nothing happens.
The orc priest calls upon Beogh to heal the orc high priest.
The orc high priest's wounds heal themselves!
The orc high priest barely misses you.
The sixfirhy disappears in a puff of smoke!
The orc high priest barely misses you.
The rust devil disappears in a puff of smoke!
The orc priest begins to cast a cantrip, but forgets the words!
The orc high priest hits you but does no damage.
The orc priest misses you. The smoke demon gestures at you. Beogh smites you!
You die...

............####.## #....##
#........§#.# ## ###....#
##........### ###.....## ##
##.......§## ##.....### #.
#..........## ###........## #.
##...........###...........#####.
#..........o.##....#........##.##
............o#.#................#
....###......3.o@..#.#......#....
....####.......o..#..............
.....# #..........#.)............
.....###.........#...#...........
.....)#.........##....#..........
...............####...##.#.......
............#...# ##...##........
.#...........#.## ##...#........
####......#.#### ##...........


You could see an orc high priest, a smoke demon and 2 orc priests.

Vanquished Creatures
  Gastronok (Orc:1)
  Erolcha (D:9)
  A two-headed ogre (D:8)
  Pikel (D:7)
  An orc sorcerer (Orc:2)
  Joseph (D:7)
  2 trolls (D:9)
  A human (D:9)
  3 wraiths (D:8)
  2 hogs (D:9)
  2 steam dragons (D:9)
  11 yaks (D:9)
  A hungry ghost (D:9)
  2 insubstantial wisps (D:9)
  3 wargs (Orc:2)
  12 orc warriors
  2 ice beasts
  A slave (D:7)
  3 necrophages (D:8)
  2 phantoms
  A hornet zombie (D:5)
  6 sky beasts
  6 centaurs
  9 ogres
  3 big kobolds
  4 bullfrogs
  An elf skeleton (D:8)
  3 jellies
  2 scorpions
  A water moccasin skeleton (D:6)
  11 killer bees (D:8)
  A wight (D:8)
  A howler monkey (D:5)
  A crimson imp (D:5)
  5 hounds
  A centaur zombie (D:7)
  2 human zombies (D:8)
  A bullfrog skeleton (D:6)
  2 centaur skeletons
  13 orc priests
  Crazy Yiuf (D:7)
  2 iguanas
  15 orc wizards
  2 worker ants
  2 mummies (D:8)
  2 worker ant zombies
  7 gnolls
  11 adders
  2 shadow imps (D:7)
  2 adder skeletons
  4 worms
  A dart slug (D:1)
  4 leopard geckos
  51 orcs
  3 ball pythons
  5 bats
  7 giant cockroaches
  7 goblins
  9 hobgoblins
  16 jackals
  15 kobolds
  6 quokkas
  5 frilled lizards
  A giant cockroach zombie (D:5)
  2 jackal skeletons
  A leopard gecko zombie (D:9)
  A quokka skeleton (D:8)
  5 rats
  A bush (D:7)
317 creatures vanquished.

Vanquished Creatures (others)
  A slave (D:7)
  A leopard gecko (D:7)
  3 kobolds (D:7)
5 creatures vanquished.

Grand Total: 322 creatures vanquished

Notes
Turn   | Place    | Note
-------+----------+-------------------------------------------
     0 | D:1      | whitewolfNL the Minotaur Berserker began the quest for the
                  | Orb.
     0 | D:1      | Reached XP level 1. HP: 19/19 MP: 0/0
   103 | D:1      | Reached XP level 2. HP: 27/27 MP: 1/1
   772 | D:2      | Reached ** piety under Trog
   772 | D:2      | Reached XP level 3. HP: 32/33 MP: 2/2
  1494 | D:2      | Reached skill level 1 in Stealth
  1494 | D:2      | Reached XP level 4. HP: 38/40 MP: 3/3
  1595 | D:2      | Found a deep blue altar of Sif Muna.
  1701 | D:3      | Reached skill level 5 in Maces & Flails
  1773 | D:3      | Reached *** piety under Trog
  2393 | D:4      | Reached XP level 5. HP: 43/46 MP: 4/4
  2430 | D:4      | Noticed an ogre
  2435 | D:4      | Killed an ogre
  2439 | D:4      | Reached XP level 6. HP: 53/53 MP: 5/5
  3096 | D:4      | Found a glowing silver altar of Zin.
  3096 | D:4      | Found a bloodstained altar of Trog.
  3179 | D:5      | Entered Level 5 of the Dungeon
  3222 | D:5      | Got a scorched scythe
  3224 | D:5      | Noticed an ice beast
  3233 | D:5      | Killed an ice beast
  3233 | D:5      | Reached skill level 5 in Armour
  3235 | D:5      | Reached XP level 7. HP: 60/60 MP: 6/6
  3278 | D:5      | Identified the +3 scythe of Exoneration {slice, *Contam rN+
                  | Str+2 Stlth+} (You found it on level 5 of the Dungeon)
  3324 | D:5      | Reached skill level 1 in Polearms
  4060 | D:5      | Reached skill level 2 in Polearms
  4232 | D:6      | Reached **** piety under Trog
  4237 | D:6      | Reached XP level 8. HP: 65/67 MP: 7/7
  4278 | D:6      | Reached skill level 3 in Polearms
  4332 | D:6      | Reached skill level 5 in Fighting
  4333 | D:6      | Reached skill level 4 in Polearms
  4799 | D:6      | Reached skill level 5 in Polearms
  4836 | D:6      | Found a hazy altar of Hepliaklqana.
  4931 | D:6      | Found an opulent altar of Gozag.
  4931 | D:6      | Found an ornate altar of the Wu Jian Council.
  5109 | D:6      | Found Ocuabawn's Assorted Antiques.
  5118 | D:6      | Bought a scroll of remove curse for 81 gold pieces
  5118 | D:6      | Bought a scroll of remove curse for 81 gold pieces
  5118 | D:6      | Bought a scroll of identify for 54 gold pieces
  5118 | D:6      | Bought a scroll of identify for 54 gold pieces
  5277 | D:7      | Noticed Joseph
  5283 | D:7      | Killed Joseph
  5283 | D:7      | Reached skill level 6 in Polearms
  5344 | D:7      | Reached skill level 5 in Dodging
  5357 | D:7      | Reached skill level 7 in Polearms
  5357 | D:7      | Reached XP level 9. HP: 60/74 MP: 8/8
  5396 | D:7      | Noticed Pikel
  5401 | D:7      | Killed Pikel
  5401 | D:7      | Reached skill level 8 in Polearms
  5415 | D:7      | Got a pair of ancient boots
  5426 | D:7      | Found an iron altar of Okawaru.
  5947 | D:7      | Found a staircase to the Ecumenical Temple.
  6060 | D:7      | Found a shattered altar of Ashenzari.
  6091 | D:7      | Found a white marble altar of Elyvilon.
  6092 | D:7      | Found a snail-covered altar of Cheibriados.
  6187 | D:7      | Reached skill level 9 in Polearms
  6290 | D:7      | Identified the +0 pair of boots "Yfapyrch" {rPois rF- rC++
                  | MR+} (You found it on level 7 of the Dungeon)
  6622 | D:7      | Found a runed door.
  6627 | D:7      | Noticed Crazy Yiuf
  6631 | D:7      | Killed Crazy Yiuf
  6876 | D:8      | Reached ***** piety under Trog
  7262 | D:8      | Reached skill level 1 in Evocations
  7322 | D:8      | Reached skill level 10 in Polearms
  7334 | D:8      | Reached XP level 10. HP: 30/83 MP: 9/9
  8033 | D:8      | Noticed a two-headed ogre
  8039 | D:8      | Killed a two-headed ogre
  8107 | D:8      | Found a basalt altar of Yredelemnul.
  8470 | D:8      | Reached skill level 11 in Polearms
  8596 | D:9      | Received a gift from Trog
  8602 | D:9      | Paralysed by fainting for 7 turns
  8766 | D:9      | Noticed Erolcha
  8772 | D:9      | Killed Erolcha
  8772 | D:9      | Reached skill level 10 in Armour
  8950 | D:9      | Found a staircase to the Orcish Mines.
  8956 | D:9      | Reached skill level 12 in Polearms
  9231 | D:9      | Reached XP level 11. HP: 80/91 MP: 12/12
  9354 | D:9      | Received a gift from Trog
  9362 | D:9      | Found Zadgheaxu's Armour Shoppe.
  9382 | D:9      | Got a faintly glowing tin ring
  9468 | D:9      | Identified the ring "Vegic" {*Tele rN++ Dex+8 Stlth-} (You
                  | took it off a gnoll on level 9 of the Dungeon)
  9774 | D:9      | Identified the Almanac of the Blaze and the Voyage
 10377 | D:9      | Reached skill level 13 in Polearms
 10497 | Orc:1    | Entered Level 1 of the Orcish Mines
 10497 | Orc:1    | Noticed Gastronok
 10509 | Orc:1    | Killed Gastronok
 10755 | Orc:1    | Found Baptatej's Book Boutique.
 10755 | Orc:1    | Noticed an ettin
 10939 | Orc:1    | Gained mutation: Your magical capacity is low. (-10% MP)
                  | [mutagenic glow]
 11342 | Orc:2    | Entered Level 2 of the Orcish Mines
 11430 | Orc:2    | Found a staircase to the Elven Halls.
 11437 | Orc:2    | Noticed an orc high priest
 11459 | Orc:2    | Noticed a sun demon
 11885 | D:9      | Bought a +0 pair of boots of running for 409 gold pieces
 11885 | D:9      | Bought a scarf of repulsion for 156 gold pieces
 12185 | Orc:2    | Noticed an orc sorcerer
 12192 | Orc:2    | Killed an orc sorcerer
 12660 | Orc:2    | Noticed a sixfirhy
 12684 | Orc:2    | HP: 2/92 [sixfirhy[an orc high priest] (10)]
 12694 | Orc:2    | Killed from afar by a smoke demon

Skill      XL: |  1  2  3  4  5  6  7  8  9 10 11 |
---------------+----------------------------------+-----
Maces & Flails | 4 5 6 7 |  7.5
Stealth        | 1 2 3 4 |  4.0
Fighting       | 4 5 6 7 |  7.4
Armour         | 3 4 5 6 7 8 10 11 | 11.4
Dodging        | 3 4 5 6 7 |  7.6
Polearms       | 2 7 10 12 13 | 13.6
Evocations     | 1 2 4 |  4.2
Throwing       | |  0.2

Action                   |  1- 3 |  4- 6 |  7- 9 | 10-12 || total
-------------------------+-------+-------+-------+-------++-------
Melee: Mace              |    80 |    57 |     5 |       ||   142
       Headbutt          |    10 |    13 |    41 |    64 ||   128
       Flail             |       |    26 |       |       ||    26
       Scythe            |       |       |   191 |   277 ||   468
       Dire flail        |       |       |       |    72 ||    72
Throw: Stone             |       |       |     9 |       ||     9
Invok: Berserk           |     3 |     6 |    14 |    27 ||    50
Evoke: Wand              |       |       |       |    18 ||    18
  Use: Scroll            |       |     8 |     7 |    17 ||    32
       Potion            |       |     1 |     2 |     5 ||     8
 Stab: Sleeping          |       |       |     2 |       ||     2
       Distracted        |       |       |       |     1 ||     1
  Eat: Chunk             |     4 |     6 |    17 |    34 ||    61
       Ration            |       |     2 |     2 |     3 ||     7
Armor: Animal skin       |     7 |       |       |       ||     7
       Ring mail         |    17 |    13 |       |       ||    30
       Scale mail        |       |    21 |   106 |       ||   127
       Skin              |       |     7 |       |       ||     7
       Chain mail        |       |     2 |    68 |   195 ||   265
       Plate armour      |       |       |       |    45 ||    45
Dodge: Dodged            |    50 |    43 |   187 |   279 ||   559
